 Dungeon Crawl Stone Soup version 0.29-a0-561-ga02bf68b3c (webtiles) character file.

Game seed: 15727479421890002352

56 KristoblXynda the Slasher (level 3, -1/28 HPs)
             Began as a Demonspawn Gladiator on June 11, 2022.
             Killed by divine providence
             ... invoked by an orc priest
              (12 damage)
             ... on level 3 of the Dungeon.
             The game lasted 00:01:55 (1442 turns).

KristoblXynda the Slasher (Demonspawn Gladiator)    Turns: 1442, Time: 00:01:55

Health: -1/28      AC:  6    Str: 16    XL:     3   Next: 69%
Magic:  2/2        EV: 12    Int:  7    God:
Gold:   108        SH:  0    Dex: 14    Spells: 2/2 levels left

rFire   . . .      SeeInvis .   a - +0 long sword
rCold   . . .      Faith    .   (no shield)
rNeg    . . .      Spirit   .   b - +0 leather armour
rPois   .          Reflect  .   (helmet restricted)
rElec   .          Harm     .   k - +0 cloak
rCorr   .          Rampage  .   (no gloves)
Will    .....                   (no boots)
Stlth   +.........              (no amulet)
HPRegen 0.09/turn               (no ring)
MPRegen 0.08/turn               (no ring)

@: no status effects
A: yellow scales 1, antennae 1, dopey 1, low MP 1
a: no special abilities


You were on level 3 of the Dungeon.
You visited 1 branch of the dungeon, and saw 3 of its levels.

You collected 108 gold pieces.

Inventory:

Hand Weapons
 a - a +0 long sword (weapon)
Missiles
 d - 3 throwing nets (quivered)
 e - a javelin
Armour
 b - a +0 leather armour (worn)
 c - a +0 helmet
 k - a +0 cloak (worn)
 o - a +0 buckler
Wands
 p - a wand of polymorph (3)
Scrolls
 f - a scroll of amnesia
 g - 2 scrolls of teleportation {unknown}
 j - 2 scrolls of enchant armour
 l - 2 scrolls of vulnerability {unknown}
 n - a scroll of noise {unknown}
 r - a scroll of immolation {unknown}
Potions
 h - 4 potions of curing
 i - 2 potions of invisibility
 m - a potion of attraction


   Skills:
 + Level 2.6 Fighting
 + Level 3.1 Long Blades
 - Level 2.0 Throwing
 + Level 1.0 Armour
 + Level 3.1 Dodging


You had 2 spell levels left.
You didn't know any spells.
Your spell library contained the following spells:

 Spells                   Type           Power      Damage    Failure   Level
 Ensorcelled Hibernation  Hex/Ice        0%         N/A       65%         2
 Passwall                 Tmut/Erth      0%         N/A       65%         2
 Swiftness                Air            0%         N/A       86%         3
 Anguish                  Hex/Necr       0%         N/A       99%         4
 Enfeeble                 Hex            0%         N/A       100%        7


Dungeon Overview and Level Annotations

Branches:
Dungeon (3/15)

Altars:


Innate Abilities, Weirdness & Mutations

You are partially covered in yellow scales. (AC +2)
You have a pair of small antennae on your head.
You are dopey. (Int -2)
Your magical capacity is low. (-10% MP)


Message History

The ball python constricts you.
You barely miss the ball python.
The ball python bites you but does no damage.
The ball python constricts you. The orc barely misses you.
The ball python bites you but does no damage.
The ball python constricts you.
You barely miss the ball python.
The ball python bites you but does no damage.
The ball python constricts you. The orc barely misses you.
The orc priest looks braver for a moment.
You closely miss the ball python. The ball python closely misses you.
The ball python constricts you. The orc barely misses you.
The orc priest calls down the wrath of Beogh upon you.
Beogh smites you! The ball python barely misses you.
The ball python constricts you.
You are too injured to fight recklessly!
You are too injured to fight recklessly!
You are too injured to fight recklessly!
You are too injured to fight recklessly!
You are too injured to fight recklessly!
You are too injured to fight recklessly!
You are too injured to fight recklessly!
You are too injured to fight recklessly!
You are too injured to fight recklessly!
You are too injured to fight recklessly!
You are too injured to fight recklessly!
You are too injured to fight recklessly!
You are too injured to fight recklessly!
You are too injured to fight recklessly!
You are too injured to fight recklessly!
You are too injured to fight recklessly!
You are too injured to fight recklessly!
You are too injured to fight recklessly!
Unknown command.
You escape the ball python's grasp.
The orc priest looks satisfied for a moment.
The orc attacks as you move away! The orc hits you with a +0 mace.
The orc priest mumbles some strange prayers to Beogh against you.
Beogh smites you!
You die...

#.#.....# #.#o#
#.#.###.##
#######†.......#
#.......o......#
#..?##S...####>#
## ###o...## #
#####.......#
#...<@......#
#####.......#
###..<### #...#
##.## .# .#


You could see an orc priest, 2 orcs and a ball python.

Vanquished Creatures
  An adder (D:2)
  2 worms (D:2)
  A dart slug (D:2)
  2 ball pythons (D:1)
  2 endoplasms
  4 giant cockroaches
  4 goblins
  5 hobgoblins
  2 kobolds (D:2)
  5 quokkas
  3 bats
  4 frilled lizards
35 creatures vanquished.

Vanquished Creatures (others)
  2 plants (D:1)
2 creatures vanquished.

Grand Total: 37 creatures vanquished

Notes
Turn   | Place    | Note
-------+----------+-------------------------------------------
     0 | D:1      | KristoblXynda the Demonspawn Gladiator began the quest for
                  | the Orb.
     0 | D:1      | Reached XP level 1. HP: 16/16 MP: 1/1
   283 | D:1      | Gained mutation: You are partially covered in yellow
                  | scales. (AC +2) [demonic ancestry]
   283 | D:1      | Reached XP level 2. HP: 21/22 MP: 2/2
   892 | D:2      | Reached XP level 3. HP: 27/28 MP: 3/3
  1365 | D:2      | Reached skill level 1 in Armour
  1412 | D:2      | Gained mutation: Your magical capacity is low. (-10% MP)
                  | [potion of mutation]
  1412 | D:2      | Gained mutation: You are dopey. (Int -2) [potion of
                  | mutation]
  1412 | D:2      | Gained mutation: You have a pair of small antennae on your
                  | head. [potion of mutation]
  1442 | D:3      | Killed from afar by an orc priest

Illustrated notes

Levels and vault maps discovered:
D:1:      saegor_arrival_simple_e, layout_rooms, serial_forest,
          infiniplex_forest_lined_room_2, infiniplex_forest_clump_double,
          infiniplex_forest_lined_4_way, infiniplex_forest_lined_1,
          infiniplex_forest_lined_2, infiniplex_forest_clump_curved,
          infiniplex_forest_lined_2, minivault_14,
          wander_ebering_terrifying_dragon_lair
D:2:      layout_basic, kennysheep_generic_room_3
D:3:      layout_loops_ring, lightli_temple_of_fire, minitemple, serial_shops,
          nicolae_shop_behind_doors, uniq_sigmund

Skill      XL: |  1  2  3 |
---------------+----------+-----
Throwing       | 2 |  2.0
Long Blades    | 3 |  3.1
Dodging        | 3 |  3.1
Armour         | 1 |  1.0
Fighting       | |  2.6

Action                   || total
-------------------------++-------
Melee: Long sword        ||   116
  Use: Scroll            ||     6
       Potion            ||     1
 Stab: Sleeping          ||     1
Armor: Leather armour    ||    43
Dodge: Dodged            ||    73

Table legend: (Time is in decaauts)
 A = Elapsed time spent in this place.
 B = Non-inter-level travel time spent in this place.
 C = Inter-level travel time spent in this place.
 D = Time resting spent in this place.
 E = Time spent auto-exploring this place.
 F = Levels seen in this place.
 G = Mean time per level.
                   A        B        C        D        E       F      G
               +--------+--------+--------+--------+--------+-----+--------+
         Total |   1470 |   1448 |     22 |    192 |    946 |   3 |  490.0 |
       Dungeon |   1470 |   1448 |     22 |    192 |    946 |   3 |  490.0 |
               +--------+--------+--------+--------+--------+-----+--------+

Top non-repeatable levels by time:
     D:2: 805 daAuts
     D:1: 634 daAuts
     D:3: 30 daAuts
